 Dungeon Crawl Stone Soup version 0.24.0-1-gfbc8707122 (webtiles) character file.

Game seed: 2766566805446442542, levelgen mode: deterministic

13240 Amplified the Archer (level 11, -4/100 (101) HPs)
             Began as a Centaur Wizard on Oct 27, 2019.
             Was a Believer of Ashenzari.
             Slain by a worker ant (5 damage)
             ... on level 11 of the Dungeon.
             The game lasted 00:45:46 (16996 turns).

Amplified the Archer (Centaur Wizard)              Turns: 16996, Time: 00:45:47

HP:   -4/100 (101)  AC:  8    Str: 10    XL:     11   Next: 73%
MP:   16/16         EV:  9    Int: 17    God:    Ashenzari [**....]
Gold: 163           SH:  0    Dex: 11    Spells: 6/17 levels left

rFire    . . .     SeeInvis .   t - +3 shortbow (flame)
rCold    + . .     Gourm    +   (shield currently unavailable)
rNeg     . . .     Faith    .   j - +1 robe {rC+}
rPois    .         Spirit   .   b - +1 hat
rElec    .         Reflect  .   r - +1 cloak (curse)
rCorr    .         Harm     .   (no gloves)
MR       .....                  (no barding)
Stlth    +.........             D - amulet of the gourmand
HPRegen  0.26/turn              i - ring of stealth
MPRegen  0.15/turn              (no ring)

@: confused, lethally poisoned (-4 -> -9), slowed, lightly drained
A: large, hooves 3, deformed body, speed 2, tough skin 3
a: Curse Item, Scrying, Renounce Religion


You were on level 11 of the Dungeon.
You worshipped Ashenzari.
Ashenzari was pleased with you.
You were hungry.

You visited 2 branches of the dungeon, and saw 13 of its levels.
You also visited: Sewer.

You collected 707 gold pieces.
You spent 544 gold pieces at shops.

Inventory:

Hand Weapons
 t - a +3 shortbow of flaming (weapon)
 y - a +0 halberd
Missiles
 e - 353 stones
 n - 142 arrows (quivered)
 s - 96 sling bullets
 x - 2 throwing nets
 z - 29 poisoned darts
Armour
 a - a scarf of spirit shield
 b - a +1 hat (worn)
 j - a +1 robe of cold resistance (worn)
 r - a cursed +1 cloak (worn)
Jewellery
 i - a ring of stealth (left hand)
 D - an amulet of the gourmand (around neck)
Wands
 g - a wand of random effects (4)
 k - a wand of flame (1)
 o - a wand of digging (3)
 p - a wand of paralysis (2)
 B - a wand of iceblast (5)
Scrolls
 f - 4 scrolls of amnesia
 h - 2 scrolls of immolation
 l - a scroll of holy word
 q - 2 scrolls of magic mapping
 v - 7 scrolls of remove curse
 C - a scroll of enchant armour
Potions
 c - a potion of mutation
 m - a potion of brilliance
 w - a potion of might
Comestibles
 d - 14 rations


   Skills:
 - Level 10.6(10.3) Fighting
 - Level 7.3(7.0) Polearms
 * Level 13.7(13.3) Bows
 - Level 1.3(1.1) Dodging
 - Level 1.1(0.8) Stealth
 - Level 3.9(3.6) Spellcasting
 - Level 2.9(2.7) Conjurations
 - Level 2.4(2.1) Summonings
 - Level 0.8(0.5) Translocations
 - Level 2.1(1.8) Fire Magic
 - Level 2.5(2.2) Air Magic
 - Level 2.4(2.1) Poison Magic


You had 6 spell levels left.
You knew the following spells:

 Your Spells              Type           Power        Failure   Level  Hunger
a - Magic Dart            Conj           ##..         5%          1    None
b - Call Imp              Summ           ##......     11%         2    ##.....
c - Mephitic Cloud        Conj/Pois/Air  ##......     19%         3    ###....
d - Conjure Flame         Conj/Fire      ##......     19%         3    ###....
e - Blink                 Tloc           N/A          19%         2    ##.....

Your spell library contained the following spells:

 Spells                   Type           Power        Failure   Level  Hunger
 Throw Frost              Conj/Ice       #.....       14%         2    ##.....
 Animate Skeleton         Necr           N/A          17%         1    None
 Beastly Appendage        Tmut           #.....       17%         1    None
 Freeze                   Ice            #...         17%         1    None
 Pain                     Necr           #...         17%         1    None
 Slow                     Hex            #.......     26%         2    ##.....
 Sticks to Snakes         Tmut           #.......     26%         2    ##.....
 Spider Form              Tmut/Pois      #.........   32%         3    ###....
 Ozocubu's Armour         Chrm/Ice       #.......     45%         3    ###....
 Regeneration             Chrm/Necr      #.........   45%         3    ###....
 Vampiric Draining        Necr           #.........   45%         3    ###....
 Throw Icicle             Conj/Ice       #.......     67%         4    ####...
 Summon Ice Beast         Ice/Summ       #.......     71%         4    ####...
 Animate Dead             Necr           N/A          86%         4    ####...
 Ice Form                 Ice/Tmut       #.......     86%         4    ####...
 Blade Hands              Tmut           #.........   99%         5    ######.


Dungeon Overview and Level Annotations

Branches:
Dungeon (12/15)            Temple (1/1) D:4            Lair (0/6) D:8
    Orc (0/2) D:11          Sewer (visited)

Altars:
Ashenzari
Cheibriados
Dithmenos
Elyvilon
Fedhas
Gozag
Hepliaklqana
Kikubaaqudgha
Makhleb
Nemelex Xobeh
Okawaru
Qazlal
Ru
Sif Muna
Trog
Uskayaw
Vehumet
Wu Jian
Xom
Yredelemnul
Zin
The Shining One

Shops:
D:5 }   D:6 *   D:9 ![   D:11 (

Annotations:
D:12 Kirke


Innate Abilities, Weirdness & Mutations

You have hooves in place of feet.
Armour fits poorly on your strangely shaped body.
You cover ground very quickly.
You have extremely tough skin. (AC +3)


Message History

* * * LOW HITPOINT WARNING * * *
You feel sick. The worker ant barely misses you. The worker ant bites you.
* * * LOW HITPOINT WARNING * * *
Unknown command.
* * * LOW HITPOINT WARNING * * *
You feel sick.
Unknown command.
Okay, then.
Evoke which item? (* to show all) (? for menu, Esc to quit)
Okay, then.
You bump into the rock wall.
You feel sick.
The wight hits you with a +1 short sword.
* * * LOW HITPOINT WARNING * * *
The worker ant barely misses you.
The wight hits you with a +1 short sword.
* * * LOW HITPOINT WARNING * * *
You feel drained.
* * * LOW HITPOINT WARNING * * *
The worker ant bites you.
You die...

###'######### ###...#.#
#.........>.# #.'.#.#.# ##
###...........###.#.#.).# ###.
#.............#...#.###.###...
#.#...........#.###.#...#...#.
#⌠.⌠..........#.# #.#.#.'.###.
#.∩...........#.# #...#.### #.
#⌠.⌠........Oza.# ##'#### ##
###..........@### #..#
#######...### ##.# ########.##
#.# #.........#### ##'######
#.........'÷.####..)....###
#.........##...##..........
#.........####.##.......#..
#.........# #..#.......##.
#.........# ##.'.....[.##.


You could see an ogre, a worker ant and a wight.

Vanquished Creatures
  Harold (D:8)
  Erica (D:8)
  A two-headed ogre (D:11)
  An ugly thing (D:6)
  A manticore (D:11)
  A queen bee (D:9)
  2 hippogriffs
  4 yaks (D:9)
  2 wyverns
  4 hogs (D:12)
  Grum (D:6)
  Duvessa (D:6)
  A soldier ant (D:12)
  Purgy (Sewer)
  3 porcupines (D:8)
  4 black bears (D:8)
  3 ice beasts (D:11)
  6 sky beasts
  2 orc warriors
  2 phantoms
  9 ogres
  2 necrophages (D:10)
  An eye of draining (D:11)
  7 centaurs
  A crocodile (D:8)
  A wyvern zombie (D:10)
  9 bullfrogs
  2 gnoll sergeants (D:6)
  Dowan (D:6)
  6 scorpions
  15 killer bees
  9 wights
  3 howler monkeys
  A centaur zombie (D:6)
  6 crimson imps
  A quasit (D:10)
  11 hounds
  5 orc priests
  2 jellies
  Crazy Yiuf (D:6)
  9 orc wizards
  3 centaur skeletons
  A gnoll shaman (D:6)
  An iguana (D:11)
  Natasha (twice) (D:2)
  4 worker ants
  12 gnolls (D:6)
  11 adders
  A river rat (D:2)
  3 shadow imps
  An adder skeleton (D:4)
  2 worms (D:3)
  A dart slug (D:4)
  2 leopard geckos
  33 orcs
  2 ball pythons
  13 bats
  3 giant cockroaches
  5 hobgoblins
  29 jackals
  5 quokkas
  5 frilled lizards
  4 goblins
  11 kobolds
  2 quokka skeletons
  2 quokka zombies
  8 rats
310 creatures vanquished.

Vanquished Creatures (collateral kills)
  Menkaure (D:6)
  An ogre (D:5)
  2 big kobolds (D:7)
  A gnoll sergeant (D:6)
  2 scorpions (D:5)
  2 killer bees (D:9)
  A jelly (D:6)
  A gnoll shaman (D:6)
  An orc priest (D:7)
  2 orc wizards
  Natasha (D:2)
  4 worker ants
  A gnoll (D:6)
  2 adders
  A leopard gecko (D:4)
  4 orcs
  A giant cockroach (D:4)
  A hobgoblin (D:1)
  A jackal (D:6)
  2 kobolds (D:7)
  A quokka (D:5)
  A ball python (D:6)
  A quokka skeleton (D:5)
35 creatures vanquished.

Vanquished Creatures (others)
  A centaur (D:9)
  A bullfrog (D:10)
  13 fungi (D:8)
15 creatures vanquished.

Grand Total: 360 creatures vanquished

Notes
Turn   | Place    | Note
-------+----------+-------------------------------------------
     0 | D:1      | Amplified the Centaur Wizard began the quest for the Orb.
     0 | D:1      | Reached XP level 1. HP: 14/14 MP: 3/3
    47 | D:1      | You fall into a shaft and drop 1 floor!
   117 | D:2      | Noticed Natasha
   330 | D:1      | Reached skill level 1 in Fighting
   506 | D:1      | Reached XP level 2. HP: 22/24 MP: 3/5
   533 | D:1      | Learned a level 2 spell: Call Imp
  1250 | D:2      | Noticed a crimson imp
  1255 | D:2      | Killed Natasha
  1255 | D:2      | Reached XP level 3. HP: 12/31 MP: 2/6
  1574 | D:2      | Noticed Natasha
  1670 | D:3      | Found a glowing drain.
  1873 | D:3      | Reached XP level 4. HP: 21/40 MP: 7/7
  2127 | Sewer    | Entered a sewer
  2171 | Sewer    | Noticed Purgy
  2227 | Sewer    | Killed Purgy
  2227 | Sewer    | Reached skill level 1 in Polearms
  2227 | Sewer    | Reached XP level 5. HP: 46/47 MP: 2/8
  2903 | D:2      | Killed Natasha
  2947 | D:2      | Noticed Natasha
  2964 | D:2      | Learned a level 3 spell: Mephitic Cloud
  2981 | D:2      | Killed Natasha
  3347 | D:2      | Reached XP level 6. HP: 51/55 MP: 6/9
  3395 | D:2      | Reached skill level 5 in Fighting
  4077 | D:4      | Found a staircase to the Ecumenical Temple.
  4087 | D:5      | Entered Level 5 of the Dungeon
  4363 | D:4      | Learned a level 3 spell: Conjure Flame
  4427 | Temple   | Entered the Ecumenical Temple
  4584 | Temple   | Became a worshipper of Ashenzari the Shackled
  4958 | D:4      | Reached XP level 7. HP: 62/62 MP: 5/10
  5208 | D:5      | Reached skill level 1 in Summonings
  5398 | D:5      | Found Hiuq's Gadget Shop.
  5400 | D:5      | Reached skill level 1 in Fire Magic
  6150 | D:5      | Learned a level 2 spell: Blink
  6618 | D:6      | Reached XP level 8. HP: 28/71 MP: 9/12
  7349 | D:6      | Reached skill level 1 in Conjurations
  7394 | D:6      | Noticed Duvessa
  7403 | D:6      | Noticed Dowan
  7882 | D:6      | Noticed Menkaure
  8073 | D:6      | Killed Menkaure
  8073 | D:6      | Reached skill level 1 in Air Magic
  8073 | D:6      | Reached skill level 1 in Poison Magic
  8242 | D:6      | Reached skill level 5 in Polearms
  8265 | D:6      | Noticed Grum
  8297 | D:6      | Killed Grum
  8584 | D:6      | Found Geithril's Assorted Antiques.
  8592 | D:6      | Bought a scroll labeled WYCUSO NUTOSKIQ for 24 gold pieces
  8592 | D:6      | Bought a scroll labeled RAMEBL TAGGI for 24 gold pieces
  8594 | D:6      | Bought a runed robe for 88 gold pieces
  8594 | D:6      | Bought a scroll of remove curse for 72 gold pieces
  8640 | D:7      | Reached * piety under Ashenzari
  8826 | D:7      | Identified the +2 ring mail "Kighuci" {SInv}
  8915 | D:7      | Reached XP level 9. HP: 45/79 MP: 6/14
  9799 | D:7      | Reached skill level 1 in Bows
  9822 | D:7      | Reached skill level 2 in Bows
 10072 | D:7      | Reached skill level 3 in Bows
 10198 | D:8      | Noticed Erica
 10485 | D:8      | Noticed Harold
 10503 | D:8      | Reached skill level 4 in Bows
 10565 | D:9      | Found Atzu's Distillery.
 10648 | D:9      | Found Rexzihot's Antique Armour Emporium.
 10823 | D:9      | Reached skill level 5 in Bows
 11055 | D:9      | Found a burning altar of Makhleb.
 11110 | D:9      | Found an iron altar of Okawaru.
 11151 | D:9      | Reached skill level 6 in Bows
 11375 | D:8      | Reached XP level 10. HP: 21/91 MP: 10/15
 11920 | D:8      | Found a staircase to the Lair.
 11960 | D:10     | Entered Level 10 of the Dungeon
 12024 | D:11     | Reached skill level 7 in Bows
 12341 | D:11     | Noticed a manticore
 12350 | D:11     | Killed a manticore
 12527 | D:11     | Reached skill level 8 in Bows
 12667 | D:11     | Reached ** piety under Ashenzari
 12678 | D:11     | Found a shattered altar of Ashenzari.
 12948 | D:11     | Found Duguih's Weapon Boutique.
 13028 | D:11     | Reached skill level 10 in Fighting
 13161 | D:11     | Found a staircase to the Orcish Mines.
 13473 | D:10     | Noticed a two-headed ogre
 13494 | D:11     | Killed a two-headed ogre
 13494 | D:11     | Reached skill level 9 in Bows
 13992 | D:9      | Reached XP level 11. HP: 57/100 MP: 14/16
 15004 | D:11     | Bought a +3 shortbow of flaming for 336 gold pieces
 15043 | D:9      | Reached skill level 10 in Bows
 15779 | D:8      | Reached skill level 11 in Bows
 15833 | D:8      | Killed Harold
 15853 | D:8      | Killed Erica
 15853 | D:8      | Reached skill level 12 in Bows
 16123 | D:6      | Killed Duvessa
 16128 | D:6      | Killed Dowan
 16129 | D:6      | Noticed a green ugly thing
 16148 | D:6      | Killed a green ugly thing
 16148 | D:6      | Reached skill level 13 in Bows
 16408 | D:6      | Found a runed translucent door.
 16409 | D:6      | Noticed Crazy Yiuf
 16527 | D:6      | Killed Crazy Yiuf
 16932 | D:12     | Noticed Kirke
 16991 | D:11     | HP: 3/100 [worker ant (8)]
 16993 | D:11     | HP: 1/100 [poisoned by a worker ant]
 16996 | D:11     | Slain by a worker ant

Levels and vault maps discovered:
D:1:      nzn_arrival_settlement, layout_basic
D:2:      layout_loops_ring, uniq_natasha
D:3:      layout_basic, portal_sewer_entry_a
D:4:      layout_rooms, minmay_temple_entry_mini_moons
D:5:      layout_cave_pools, serial_shops,
          nicolae_shop_temple_entry_statues_fountains, first_ration,
          minmay_misc_feat_cross
D:6:      minmay_opposing_rooms, layout_cave_pools, serial_gnoll_camp,
          grums_kennel, gnoll_camp_mini_shop, gnoll_camp_mini_hut,
          gnoll_camp_mini_doghouse, gnoll_camp_mini_hut, gnoll_camp_huts_basic,
          uniq_duvessa, uniq_menkaure, uniq_crazy_yiuf_cottage
D:7:      layout_loops_ring
D:8:      layout_basic, due_lair_maze_entry_diamond, uniq_erica, uniq_harold
D:9:      layout_small_grid, okawaru_metal_pillars_1_2,
          nicolae_overflow_crystal_walls, serial_shops, shop,
          kennysheep_mini_moat, david_nohive_1
D:10:     layout_rooms
D:11:     layout_roguey, orc_0_dummy, serial_shops, shop_fountains, basic_altar
D:12:     layout_grid_maze, serial_shops, shop, uniq_kirke
Temple:   regret_index_temple_chain_breaker

Skill      XL: |  1  2  3  4  5  6  7  8  9 10 11 |
---------------+----------------------------------+-----
Fighting       | 1 3 4 5 6 7 9 10 | 10.6
Polearms       | 1 2 3 4 5 7 |  7.3
Summonings     | 2 |  2.4
Fire Magic     | 1 2 |  2.1
Spellcasting   | 3 |  3.9
Conjurations   | 2 |  2.9
Air Magic      | 2 |  2.5
Poison Magic   | 2 |  2.4
Bows           | 6 9 13 | 13.7
Dodging        | |  1.3
Stealth        | |  1.1
Translocations | |  0.8

Action                   |  1- 3 |  4- 6 |  7- 9 | 10-12 || total
-------------------------+-------+-------+-------+-------++-------
Melee: Unarmed           |    36 |       |       |     2 ||    38
       Kick              |    11 |    23 |    55 |    43 ||   132
       Short sword       |   105 |    22 |       |       ||   127
       Trident           |       |   234 |   182 |       ||   416
       Halberd           |       |       |   263 |   386 ||   649
       Whip              |       |       |    20 |       ||    20
 Fire: Shortbow          |       |       |    91 |   271 ||   362
Throw: Dart              |       |     8 |     4 |     2 ||    14
       Stone             |       |     3 |       |       ||     3
 Cast: Magic Dart        |    25 |     4 |       |     2 ||    31
       Call Imp          |     8 |    22 |    55 |     9 ||    94
       Mephitic Cloud    |       |       |    15 |    19 ||    34
       Blink             |       |       |     1 |     2 ||     3
       Conjure Flame     |       |       |       |    22 ||    22
Invok: Curse Item        |       |       |     1 |       ||     1
Evoke: Wand              |       |     5 |    23 |    15 ||    43
  Use: Potion            |     2 |     3 |     3 |     4 ||    12
       Scroll            |     6 |     5 |     8 |     6 ||    25
 Stab: Betrayed ally     |       |     1 |       |       ||     1
       Distracted        |       |     2 |     2 |       ||     4
       Sleeping          |       |     1 |     1 |       ||     2
       Confused          |       |       |     6 |     3 ||     9
       Paralysed         |       |       |       |     2 ||     2
  Eat: Chunk             |     3 |     9 |    14 |    14 ||    40
       Ration            |       |       |     3 |     2 ||     5
Armor: Robe              |    87 |    85 |   178 |   119 ||   469
       Skin              |       |   142 |       |    90 ||   232
Dodge: Dodged            |   108 |   105 |   187 |   150 ||   550
